 Dungeon Crawl Stone Soup version 0.29-a0-321-gf1c400731a (webtiles) character file.

Game seed: 17277992228163247448

6218 YayAnonymity the Cleaver (level 11, -3/83 HPs)
             Began as a Formicid Fighter on Apr 3, 2022.
             Was a Follower of Qazlal.
             Slain by an orc warrior
             ... wielding a +0 battleaxe
              (12 damage)
             ... on level 9 of the Dungeon.
             The game lasted 00:20:39 (8394 turns).

YayAnonymity the Cleaver (Formicid Fighter)         Turns: 8394, Time: 00:20:40

Health: -3/83      AC:  3    Str: 27    XL:     11   Next: 14%
Magic:  11/11      EV: 11    Int: 14    God:    Qazlal [*.....]
Gold:   512        SH:  8    Dex: 13    Spells: 10/10 levels left

rFire   + . .      SeeInvis +   a - +5 dire flail of the Priest {vorpal, Dex+5}
rCold   + . .      Faith    .   c - +0 buckler
rNeg    . . .      Spirit   .   (no body armour)
rPois   .          Reflect  .   (helmet unavailable)
rElec   .          Harm     .   (no cloak)
rCorr   .          Rampage  .   (no gloves)
Will    +....                   g - +2 pair of boots
Stlth   +.........              o - amulet of regeneration
HPRegen 1.03/turn               v - ring of protection from cold
MPRegen 0.12/turn               C - ring "Ygofa" {rF+ Str+2 Int+6 Dex-2}

@: no status effects
A: permanent stasis, dig shafts and tunnels, antennae 3, four strong arms
a: Dig, Shaft Self, Renounce Religion


You were on level 9 of the Dungeon.
You worshipped Qazlal.
Qazlal was aware of your devotion.
You visited 2 branches of the dungeon, and saw 10 of its levels.

You collected 512 gold pieces.

Inventory:

Hand Weapons
 a - the +5 dire flail of the Priest (weapon) {vorpal, Dex+5}
   (You took it off a wight on level 7 of the Dungeon)

   It inflicts extra damage upon your enemies.
   Dex:       It affects your dexterity (+5).
 b - a +0 hand crossbow of chaos
 n - a +2 battleaxe
Missiles
 i - 27 poisoned darts (quivered)
Armour
 c - a +0 buckler (worn)
 g - a +2 pair of boots (worn)
 r - a +1 plate armour
Jewellery
 o - an amulet of regeneration (around neck)
 q - an amulet of guardian spirit
 v - a ring of protection from cold (left hand)
 y - a ring of magical power
 C - the ring "Ygofa" (right hand) {rF+ Str+2 Int+6 Dex-2}
   (You found it on level 9 of the Dungeon)

   [ring of intelligence]

   Str:       It affects your strength (+2).
   Int:       It affects your intelligence (+6).
   Dex:       It affects your dexterity (-2).
   rF:        It protects you from fire.
Wands
 m - a wand of acid (24)
 p - a wand of paralysis (19)
 u - a wand of mindburst (19)
 w - a wand of iceblast (8)
 B - a wand of flame (15)
Scrolls
 h - a scroll of magic mapping
 j - 4 scrolls of identify
 l - a scroll of vulnerability
 t - a scroll of amnesia
 x - 2 scrolls of enchant weapon
 A - a scroll of enchant armour
Potions
 d - a potion of attraction {unknown}
 e - 6 potions of curing
 f - a potion of might
 k - 7 potions of mutation
 s - 5 potions of lignification
 z - a potion of magic {unknown}


   Skills:
 + Level 6.7 Fighting
 * Level 11.6 Axes
 + Level 5.1 Crossbows
 - Level 7.5 Armour
 - Level 8.0 Shields


You had 10 spell levels left.
You didn't know any spells.
Your spell library contained the following spells:

 Spells                   Type           Power      Damage    Failure   Level
 Animate Skeleton         Necr           0%         N/A       34%         1
 Apportation              Tloc           0%         N/A       34%         1
 Beastly Appendage        Tmut           0%         N/A       34%         1
 Summon Small Mammal      Summ           0%         N/A       34%         1
 Wereblood                Tmut           0%         N/A       45%         2
 Call Canine Familiar     Summ           0%         N/A       71%         3
 Ignite Poison            Fire/Tmut/Pois 0%         N/A       71%         3
 Mephitic Cloud           Conj/Pois/Air  0%         N/A       71%         3
 Portal Projectile        Hex/Tloc       0%         N/A       71%         3
 Spider Form              Tmut/Pois      0%         N/A       71%         3
 Leda's Liquefaction      Hex/Erth       0%         N/A       98%         4
 Olgreb's Toxic Radiance  Pois           0%         N/A       98%         4
 Freezing Cloud           Conj/Ice/Air   0%         6-21      100%        5
 Ozocubu's Refrigeration  Ice            0%         4d5       100%        7
 Ignition                 Fire           0%         3d3       100%        8


Dungeon Overview and Level Annotations

Branches:
Dungeon (9/15)             Temple (1/1) D:4
   Lair: D:8-11         Orc: D:9-12

Altars:
Ashenzari
Cheibriados
Dithmenos
Elyvilon
Fedhas
Gozag
Hepliaklqana
Kikubaaqudgha
Makhleb
Okawaru
Qazlal
Ru
Sif Muna
Trog
Uskayaw
Vehumet
Wu Jian
Xom
Yredelemnul
Zin
The Shining One

Shops:
D:2 (   D:8 *


Innate Abilities, Weirdness & Mutations

You cannot be hasted, slowed, berserked, paralysed or teleported.
You can dig through walls and to a lower floor.
You have a pair of large antennae on your head. (SInv)
Your four strong arms can wield two-handed weapons with a shield.


Message History

Qazlal accepts your kill.
You feel very sick.
You feel sick.
You hit the orc.
The orc is heavily wounded.
You feel sick. You block the orc's attack.
You hit the orc.
You kill the orc!
Qazlal accepts your kill.
You feel sick.
You sock the orc warrior!
The orc warrior is heavily wounded.
You feel sick.
The orc warrior hits you with a +0 battleaxe!
You closely miss the orc warrior.
The orc warrior is heavily wounded.
You feel sick.
The orc wizard gestures wildly while chanting.
The orc wizard flickers and vanishes for a moment.
You feel sick. You block the orc wizard's attack.
You block the orc warrior's attack.
There is an open door, spattered with blood here.
Things that are here:
a +0 club; a +0 leather armour; a killer bee corpse You closely miss the orc wizard.
You feel sick.
The orc wizard hits you with a +0 dagger.
You block the orc warrior's attack.
You barely miss the orc warrior.
The orc warrior is heavily wounded.
The orc wizard barely misses you.
The orc warrior hits you with a +0 battleaxe!!
* * * LOW HITPOINT WARNING * * *
You hit the orc warrior.
The orc warrior is severely wounded.
You feel sick.
You are no longer poisoned.
The orc wizard hits you with a +0 dagger.
* * * LOW HITPOINT WARNING * * *
The orc warrior hits you with a +0 battleaxe!
You die...

##...# ##. ######'### #..
#........# #.# #........#
###.# #........####....
#........'.##.... {
#........#.##....
####o.......#.##..(. {
#)o@ยง.......#.##....
........##........#.......
....#######'##########....
## #.# ##### #.# #.# #.#
#.# ###### ... ......


You could see an orc warrior and an orc wizard (invisible).

Vanquished Creatures
  Joseph (D:7)
  Prince Ribbit (D:5)
  Grinder (D:6)
  Sigmund (D:6)
  A shadow (D:8)
  6 yaks
  Eustachio (D:6)
  An acid dragon (D:9)
  2 orc warriors
  4 ice beasts
  A sky beast (D:6)
  3 black bears
  A wolf (D:8)
  3 centaurs
  2 phantoms
  A kobold brigand (D:4)
  A bullfrog (D:7)
  A scorpion (D:5)
  A necrophage (D:4)
  11 wights
  13 killer bees
  7 howler monkeys
  An electric eel (D:8)
  2 jellies
  5 orc priests
  2 gnoll shamans
  2 hounds (D:4)
  5 iguanas
  Terence (D:2)
  6 orc wizards
  A killer bee simulacrum (D:8)
  13 gnolls
  8 adders
  A shadow imp (D:7)
  2 white imps
  A howler monkey simulacrum (D:8)
  4 ufetubi
  2 dart slugs (D:5)
  18 orcs
  3 ball pythons
  A bat (D:1)
  10 endoplasms
  2 giant cockroaches
  10 goblins
  8 hobgoblins
  12 jackals
  8 kobolds
  A quokka (D:2)
  6 frilled lizards
  2 rats (D:1)
201 creatures vanquished.

Vanquished Creatures (others)
  An orc wizard (D:7)
  2 white imps (D:8)
3 creatures vanquished.

Grand Total: 204 creatures vanquished

Notes
Turn   | Place    | Note
-------+----------+-------------------------------------------
     0 | D:1      | YayAnonymity the Formicid Fighter began the quest for the
                  | Orb.
     0 | D:1      | Reached XP level 1. HP: 18/18 MP: 1/1
   178 | D:1      | Reached XP level 2. HP: 24/24 MP: 2/2
   696 | D:2      | Reached XP level 3. HP: 26/29 MP: 3/3
   723 | D:2      | Found Numu's Weapon Emporium.
   728 | D:2      | Reached skill level 3 in Axes
   875 | D:2      | Noticed Terence
   886 | D:2      | Killed Terence
   887 | D:2      | Reached XP level 4. HP: 6/35 MP: 4/4
  1175 | D:2      | Found an iron altar of Okawaru.
  1328 | D:2      | Found a faded altar of an unknown god.
  1669 | D:3      | Reached XP level 5. HP: 39/41 MP: 5/5
  2194 | D:3      | Noticed a phantom
  2213 | D:3      | Killed a phantom
  2214 | D:3      | Reached skill level 4 in Axes
  2406 | D:3      | Reached XP level 6. HP: 38/47 MP: 6/6
  2864 | D:4      | Found a staircase to the Ecumenical Temple.
  2873 | D:3      | Reached skill level 5 in Shields
  3038 | D:4      | Reached skill level 5 in Axes
  3038 | D:4      | Reached XP level 7. HP: 49/52 MP: 7/7
  3051 | Temple   | Entered the Ecumenical Temple
  3316 | D:4      | Reached skill level 5 in Armour
  3792 | D:4      | Found an iron altar of Okawaru.
  3859 | D:4      | Reached skill level 6 in Axes
  3933 | D:4      | Found a glowing silver altar of Zin.
  4005 | D:4      | Found a sacrificial altar of Ru.
  4191 | D:5      | Entered Level 5 of the Dungeon
  4313 | D:5      | Identified the +1 ring mail "Bothat" {Harm}
  4356 | D:5      | Reached XP level 8. HP: 37/58 MP: 8/8
  4681 | D:5      | Found an ornate altar of the Wu Jian Council.
  4780 | D:5      | Noticed Prince Ribbit
  4831 | D:5      | Killed Prince Ribbit
  4832 | D:5      | Reached skill level 7 in Axes
  5050 | D:5      | Found a radiant altar of Vehumet.
  5312 | D:6      | Found an opulent altar of Gozag.
  5379 | D:6      | Noticed Sigmund
  5390 | D:6      | Killed Sigmund
  5391 | D:6      | Reached XP level 9. HP: 60/64 MP: 9/9
  5428 | D:6      | Reached skill level 8 in Axes
  5635 | D:6      | Noticed Grinder
  5659 | D:6      | Killed Grinder
  5705 | D:6      | Noticed Eustachio
  5798 | D:6      | Killed Eustachio
  6147 | D:7      | Reached skill level 9 in Axes
  6216 | D:7      | Reached skill level 1 in Crossbows
  6428 | D:7      | Reached XP level 10. HP: 63/72 MP: 10/10
  6591 | D:7      | Noticed Joseph
  6608 | D:7      | Killed Joseph
  6609 | D:7      | Reached skill level 10 in Axes
  6648 | D:7      | Found a bloodstained altar of Trog.
  6994 | D:7      | Reached skill level 5 in Fighting
  7033 | D:8      | Found a stormy altar of Qazlal.
  7040 | D:8      | Became a worshipper of Qazlal Stormbringer
  7125 | D:8      | Identified the +5 dire flail of the Priest {vorpal, Dex+5}
  7329 | D:8      | Reached skill level 11 in Axes
  7421 | D:8      | Found Rateniock's General Store.
  7820 | D:9      | Identified the ring "Ygofa" {rF+ Str+2 Int+6 Dex-2}
  7830 | D:9      | Reached * piety under Qazlal
  7863 | D:9      | Found a shimmering blue altar of Sif Muna.
  7937 | D:9      | Reached XP level 11. HP: 53/82 MP: 11/11
  8291 | D:9      | Reached skill level 5 in Crossbows
  8394 | D:9      | Slain by an orc warrior

Illustrated notes

Levels and vault maps discovered:
D:1:      minmay_arrival_open_corners, layout_rooms, minmay_crystal_room
D:2:      layout_rooms, serial_shops, nicolae_shop_crystal,
          shapermc_ecumenical_altar_notcrosses, basic_altar, uniq_terence
D:3:      layout_loops_ring, wander_ebering_terrifying_dragon_lair
D:4:      layout_basic, zin_scriptorium, okawaru_altar_gauntlet_db,
          nicolae_ru_path_of_blood, minmay_temple_entry_junction
D:5:      nicolae_BIG_FREAKIN_CUBE, layout_loops_cross, marbit_many_paths,
          fiery_altar_vehumet, minmay_crystal_water, uniq_prince_ribbit1
D:6:      layout_basic, mainiacjoe_overflow_cross_hatched,
          kennysheep_generic_room_12, uniq_grinder, uniq_sigmund, uniq_eustachio
D:7:      layout_loops_ring, lemuel_coloured_pillars_altar, due_unseen_surprise,
          uniq_joseph
D:8:      layout_rooms, nicolae_overflow_crystal_walls, serial_shops, shop,
          serial_ice, serial_ice_f, serial_ice_d, serial_ice_k, serial_ice_g,
          minmay_misc_feat_room
D:9:      layout_roguey, mainiacjoe_overflow_alcove_4, corexii_corridor_pit,
          lightli_wizard_tower
Temple:   minmay_temple_bridge_abc

Skill      XL: |  1  2  3  4  5  6  7  8  9 10 11 |
---------------+----------------------------------+-----
Shields        | 4 5 6 7 8 |  8.0
Axes           | 3 4 5 6 7 9 11 | 11.6
Armour         | 4 5 6 7 |  7.5
Crossbows      | 2 4 5 |  5.1
Fighting       | 4 6 |  6.7

Action                   |  1- 3 |  4- 6 |  7- 9 | 10-12 || total
-------------------------+-------+-------+-------+-------++-------
Melee: War axe           |    69 |   124 |   370 |    71 ||   634
       Dire flail        |       |       |       |   111 ||   111
       Battleaxe         |       |       |       |    38 ||    38
 Fire: Hand crossbow     |       |    50 |    84 |    49 ||   183
Throw: Dart              |       |       |    20 |       ||    20
 Abil: Dig               |       |       |     3 |       ||     3
  Use: Potion            |     1 |       |     7 |     3 ||    11
       Scroll            |       |       |    17 |     4 ||    21
Armor: Scale mail        |    28 |     1 |       |       ||    29
       Chain mail        |       |    91 |   145 |       ||   236
       Plate armour      |       |       |   172 |   127 ||   299
       Skin              |       |       |       |     3 ||     3
Dodge: Dodged            |    46 |    44 |   161 |    92 ||   343
Block: Buckler           |    17 |    41 |   112 |    68 ||   238

Table legend: (Time is in decaauts)
 A = Elapsed time spent in this place.
 B = Non-inter-level travel time spent in this place.
 C = Inter-level travel time spent in this place.
 D = Time resting spent in this place.
 E = Time spent auto-exploring this place.
 F = Levels seen in this place.
 G = Mean time per level.
                   A        B        C        D        E       F      G
               +--------+--------+--------+--------+--------+-----+--------+
         Total |   8645 |   8102 |    543 |    175 |   5397 |  10 |  864.5 |
       Dungeon |   8432 |   7929 |    503 |    175 |   5248 |   9 |  936.9 |
        Temple |    212 |    172 |     40 |      0 |    149 |   1 |  212.0 |
               +--------+--------+--------+--------+--------+-----+--------+

Top non-repeatable levels by time:
     D:3: 1334 daAuts
     D:4: 1086 daAuts
     D:2: 1083 daAuts
     D:5: 1046 daAuts
     D:7: 997 daAuts
     D:6: 851 daAuts
     D:1: 687 daAuts
     D:8: 673 daAuts
     D:9: 670 daAuts
  Temple: 212 daAuts
